 Dungeon Crawl Stone Soup version 0.30.0-30-g96aa6591b8 (webtiles) character file.

Game seed: 15332075869093909622

70 rj54x the Poker (level 4, 0/41 HPs)
             Began as a Minotaur Berserker on June 30, 2023.
             Was a Believer of Trog.
             Slain by Terence
             ... wielding a +0 falchion of electrocution
              (17 damage)
             ... on level 3 of the Dungeon.
             The game lasted 00:13:44 (1715 turns).

rj54x the Poker (Minotaur Berserker)                Turns: 1715, Time: 00:13:44

Health: 0/41       AC: 10    Str: 23    XL:     4   Next: 3%
Magic:  3/3        EV:  9    Int:  4    God:    Trog [**....]
Gold:   61         SH:  0    Dex: 10    Spells: 3/3 levels left

rFire   . . .        e - +2 spear (vamp)
rCold   . . .        (no shield)
rNeg    . . .        v - +0 chain mail
rPois   .            (helmet restricted)
rElec   .            (no cloak)
rCorr   .            (no gloves)
SInv    .            s - +0 pair of boots {rampage}
Will    .....        (no amulet) Stlth
                     (no ring)
HPRegen 0.26/turn    (no ring)
MPRegen 0.08/turn

%: rampage
@: no status effects
A: horns 2, retaliatory headbutt
a: Renounce Religion, Berserk, Trog's Hand


You were on level 3 of the Dungeon.
You worshipped Trog.
Trog was pleased with you.
You visited 1 branch of the dungeon, and saw 3 of its levels.

You collected 61 gold pieces.

Inventory:

Hand Weapons
 a - a +0 spear
 d - a +0 trident
 e - a +2 vampiric spear (weapon)
 m - a +2 falchion of protection
Missiles
 c - 15 stones
 l - 6 poisoned darts (quivered)
Armour
 b - a +0 animal skin
 f - a +0 ring mail
 i - a +0 leather armour
 s - a +0 pair of boots of rampaging (worn)
 v - a +0 chain mail (worn)
Wands
 q - a wand of paralysis (11)
Scrolls
 k - a scroll of noise {unknown}
 p - 4 scrolls of identify {unknown}
 r - a scroll of fog {unknown}
 t - a scroll of teleportation {unknown}
 u - a scroll of enchant weapon {unknown}
 x - a scroll of amnesia {unknown}
Potions
 g - a potion of ambrosia {unknown}
 h - a potion of invisibility {unknown}
 j - 2 potions of degeneration {unknown}
 n - a potion of might {unknown}
 o - a potion of curing {unknown}
 w - a potion of mutation {unknown}


   Skills:
 + Level 4.6 Fighting
 + Level 4.6 Polearms
 + Level 2.9 Armour
 + Level 2.6 Dodging


You had 3 spell levels left.
You didn't know any spells.
Your spell library contained the following spells:

 Spells                   Type           Power      Damage    Failure   Level
 Sublimation of Blood     Necr           0%         N/A       99%         2
 Petrify                  Tmut/Erth      0%         N/A       100%        4
 Irradiate                Conj/Tmut      0%         3d11      100%        5


Dungeon Overview and Level Annotations

Branches:
Dungeon (3/15)

Altars:

Shops:
D:1 !

Annotations:
D:3 Terence


Innate Abilities, Weirdness & Mutations

You have a pair of horns on your head.
You reflexively headbutt those who attack you in melee.


Message History

You closely miss the adder.
The adder is almost dead.
The adder bites you but does no damage.
You barely miss the adder.
The adder is almost dead.
The adder closely misses you.
You closely miss the adder.
The adder is almost dead.
The adder barely misses you. You furiously retaliate!
You headbutt the adder.
You kill the adder!
Trog accepts your kill.
You have reached level 4!
You feel agile.
You see here an adder corpse.
Found a scale mail.
You see here a +0 scale mail.
Terence the Incautious comes into view.
He is wielding a +0 falchion of electrocution.
Terence shouts!
You rampage towards Terence!
You hit Terence but do no damage. Your headbutt misses Terence.
Terence hits you but does no damage.
You hit Terence.
Terence is lightly wounded.
You hit Terence.
Terence is lightly wounded.
Terence hits you with a +0 falchion of electrocution.
You are electrocuted!!
You puncture Terence!
Terence is heavily wounded.
Terence screams, "I want your blood!"
Terence hits you with a +0 falchion of electrocution.
You are too injured to fight recklessly!
You are too injured to fight recklessly!
You are too injured to fight recklessly!
You are too injured to fight recklessly!
You are too injured to fight recklessly!
Terence attacks as you move away! Terence barely misses you.
Terence attacks as you move away! Terence hits you but does no damage.
You are electrocuted!
You die...

# #
#.######.###.#
#..@@.......#
##.#.####.###
#.#.#
#.#.####.#
#.#......#
#.#..###.#
#.#..# #.#..#
. #.#..# .


You could see Terence.

Vanquished Creatures
  4 adders
  A dart slug (D:2)
  2 ball pythons (D:1)
  3 endoplasms
  2 giant cockroaches (D:1)
  4 goblins
  3 hobgoblins
  3 jackals (D:1)
  3 bats
  A frilled lizard (D:3)
  3 rats (D:1)
29 creatures vanquished.

Notes
Turn   | Place    | Note
-------+----------+-------------------------------------------
     0 | D:1      | rj54x the Minotaur Berserker began the quest for the Orb.
     0 | D:1      | Reached XP level 1. HP: 19/19 MP: 0/0
   221 | D:1      | Reached XP level 2. HP: 27/27 MP: 1/1
   712 | D:1      | Found Lehayjez's Distillery.
   982 | D:2      | Reached XP level 3. HP: 33/33 MP: 2/2
  1577 | D:3      | Reached ** piety under Trog
  1657 | D:3      | Reached XP level 4. HP: 41/41 MP: 3/3
  1706 | D:3      | Noticed Terence
  1715 | D:3      | Slain by Terence

Illustrated notes

Levels and vault maps discovered:
D:1:      lightli_molten_gateway, layout_basic, serial_shops,
          nicolae_shop_waterfront
D:2:      layout_rooms, basic_altar, nrook_mini_backslash
D:3:      layout_loops_ring, nicolae_dithmenos_the_darkroom,
          lemuel_flame_loot_1, uniq_terence, uniq_sigmund

Skill      XL: |  1  2 |
---------------+-------+-----
Polearms       | 4 |  4.6
Fighting       | 4 |  4.6
Armour         | |  2.9
Dodging        | |  2.6

Action                     |  1- 3 |  4- 6 || total
---------------------------+-------+-------++-------
  Melee: Spear             |    63 |     4 ||    67
         Headbutt          |     8 |       ||     8
 Armour: Ring mail         |     7 |       ||     7
         Chain mail        |     7 |     2 ||     9
  Dodge: Dodged            |    28 |     1 ||    29
